Kradschützen Motorcycle Team
Selects Italian Combined Arms Battlegroup
Selects Bersaglieri Squad
Construct Light Support Kompanie
Panzerjäger Mechanized Group
Selects Semovente da 75/18 Assault Gun
Construct Panzerarmee Kommand
Selects Carro Armato M13/40 Light Tank
Carro Armato M13/40 Light Tank
Selects Bersaglieri Bolster
Carro Armato M13/40 Light Tank
Carro Armato M13/40 Light Tank
Selects Breda Model 30 Light Machine Guns